 Dungeon Crawl Stone Soup version 0.29.1-1-gd02db6906a (webtiles) character file.

Game seed: 4822077772368486445

9218 CertainDeath the Prestidigitator (level 11, -1/84 HPs)
             Began as a Red Draconian Conjurer on Oct 3, 2022.
             Was an Initiate of Gozag.
             Slain by a hellwing (6 damage)
             ... on level 10 of the Dungeon.
             The game lasted 00:51:02 (12953 turns).

CertainDeath the Prestidigitator (DrCj)            Turns: 12953, Time: 00:51:03

Health: -1/84      AC: 11    Str: 10    XL:     11   Next: 20%
Magic:  3/18       EV: 17    Int: 20    God:    Gozag
Gold:   1408       SH:  5    Dex: 12    Spells: 3/20 levels left

rFire   + . .      SeeInvis .   a - staff of conjuration
rCold   . . .      Faith    .   (no shield)
rNeg    . . .      Spirit   .   (body armour unavailable)
rPois   .          Reflect  +   C - +1 hat
rElec   .          Harm     .   d - +0 cloak
rCorr   .          Rampage  .   e - +1 pair of gloves of the Teacher {Fly Will+}
Will    +....                   (no boots)
Stlth   ++........              f - amulet of reflection
HPRegen 0.24/turn               p - ring of wizardry
MPRegen 0.16/turn               F - +4 ring of evasion

@: flying
A: breathe fire, AC +7, unfitting armour, fire resistance 1, cold-blooded
a: Breathe Fire, Renounce Religion, Potion Petition, Call Merchant, Bribe Branch


You were on level 10 of the Dungeon.
You worshipped Gozag.
Gozag was most pleased with you.
You visited 2 branches of the dungeon, and saw 12 of its levels.

You collected 1473 gold pieces.
You paid 65 gold pieces to Gozag.

Inventory:

Missiles
 h - 5 throwing nets
 k - 10 poisoned darts
 r - 4 javelins
 A - a curare-tipped dart
 B - 6 boomerangs
Armour
 d - a +0 cloak (worn)
 e - the +1 pair of gloves of the Teacher (worn) {Fly Will+}
   (You acquired it on level 6 of the Dungeon)

   Fly:       It grants you flight.
   Will:      It increases your willpower.
 m - a +0 pair of gloves
 C - a +1 hat (worn)
 E - a +0 buckler
Magical Staves
 a - a staff of conjuration (weapon)
Jewellery
 f - an amulet of reflection (around neck)
 o - a ring of protection from fire
 p - a ring of wizardry (left hand)
 t - a ring of wizardry
 F - a +4 ring of evasion (right hand)
 G - an amulet of regeneration
 I - a ring of ice
Wands
 c - a wand of polymorph (9)
 w - a wand of flame (56)
Scrolls
 u - 2 scrolls of magic mapping
 y - a scroll of silence
Potions
 b - a potion of attraction
 g - 4 potions of curing
 j - 2 potions of mutation
 l - a potion of resistance
 q - 2 potions of flight
 v - a potion of ambrosia
 x - 2 potions of brilliance
 z - 5 potions of lignification


   Skills:
 - Level 4.1 Fighting
 + Level 8.1 Staves
 - Level 4.1 Dodging
 - Level 1.7 Stealth
 + Level 2.6 Shields
 - Level 5.0 Spellcasting
 - Level 7.1 Conjurations
 - Level 3.3 Hexes
 - Level 4.2 Translocations
 - Level 4.0 Transmutations
 - Level 4.0 Poison Magic
 + Level 8.2 Evocations


You had 3 spell levels left.
You knew the following spells:

 Your Spells              Type           Power      Damage    Failure   Level
a - Magic Dart            Conj           100%       1d8       1%          1
b - Searing Ray           Conj           100%       2d8       1%          2
c - Mephitic Cloud        Conj/Pois/Air  29%        N/A       3%          3
d - Ignite Poison         Fire/Tmut/Pois 15%        N/A       4%          3
e - Iskenderun's Mystic   Conj/Tloc      41%        2d9       4%          4
f - Fulminant Prism       Conj/Hex       19%        3d11      5%          4

Your spell library contained the following spells:

 Spells                   Type           Power      Damage    Failure   Level
 Dazzling Flash           Conj/Hex       78%        N/A       1%          3
 Gell's Gravitas          Tloc           22%        N/A       2%          3
 Lesser Beckoning         Tloc           22%        N/A       2%          3
 Teleport Other           Tloc           22%        N/A       2%          3
 Poisonous Vapours        Pois/Air       26%        N/A       3%          2
 Conjure Flame            Conj/Fire      29%        6-21      3%          3
 Call Imp                 Summ           5%         N/A       7%          2
 Inner Flame              Hex/Fire       11%        N/A       7%          3
 Sticky Flame             Conj/Fire      29%        2d5       11%         4
 Cause Fear               Hex            9%         N/A       12%         4
 Discord                  Hex            9%         N/A       100%        8
 Corpse Rot               Necr/Pois/Air  Unusable   N/A       N/A         4

Dungeon Overview and Level Annotations

Branches:
Dungeon (11/15)            Temple (1/1) D:5             Orc (0/2) D:9
   Lair: D:8-11

Altars:
Ashenzari
Cheibriados
Dithmenos
Elyvilon
Fedhas
Gozag
Kikubaaqudgha
Makhleb
Nemelex Xobeh
Sif Muna
Uskayaw
Wu Jian
Xom
Zin
The Shining One

Annotations:
D:5 2 runed translucent doors, CertainDeath's ghost, novice MiMo


Innate Abilities, Weirdness & Mutations

You can breathe blasts of fire.
Your fiery red scales are hard. (AC +7)
You cannot fit into any form of body armour.
Your flesh is heat resistant. (rF+)
You are cold-blooded and may be slowed by cold attacks.


Message History

Okay, then.
Okay, then.
Casting: Searing Ray (safe; 1% risk of failure)
Confirm with . or Enter, or press ? or * to list all spells.
Okay, then.
Found the +4 Cigotuvi's embrace {rMiasma Drain rN+}.
The hellwing is no longer distracted by gold.
The hellwing is distracted by your dazzling golden aura.
The hellwing is no longer distracted by gold.
The hellwing is distracted by your dazzling golden aura.
You feel yourself slow down.
The hellwing is no longer distracted by gold.
The hellwing gives a chilling moan.
The hellwing hits you but does no damage.
You block the hellwing's attack.
You see here the +4 Cigotuvi's embrace {rMiasma Drain rN+}.
The hellwing barely misses you.
The hellwing hits you but does no damage.
The hellwing hits you.
* * * LOW HITPOINT WARNING * * *
The hellwing hits you but does no damage.
The hellwing attacks as you move away!
The hellwing hits you but does no damage.
The hellwing barely misses you. The hellwing hits you!
* * * LOW HITPOINT WARNING * * *
The hellwing completely misses you. The hellwing attacks as you move away!
You block the hellwing's attack. The hellwing hits you.
* * * LOW HITPOINT WARNING * * *
The hellwing swoops through the air toward you!
The hellwing misses you. You block the hellwing's attack.
The hellwing barely misses you.
The hellwing hits you but does no damage.
Okay, then.
You feel better. The hellwing hits you!
* * * LOW HITPOINT WARNING * * *
The hellwing hits you.
You die...
Your body crumbles into a pile of gold.

# ##.# #[# #.. # #..# #.# #.#
#.## #.# #.# #.# ##'########
####'# #### #b#
#.........####..... ...#####.##
#.........'.##..... ##......b.#
###########.#..#.....
#######.####...4../###.##.'.....
#4###....@....##.####.....
###.##...#####...#.# #.....
##...##...#†††#4..#.# #.....
#..#..'...#†††#..[#.# #####'
#.#####...#†††#...### #.
###'#####...#####...#### #<
#......###.........##..# #.
#......# ##.......###..# ###
#......##############..# ###..


You could see 2 hellwings.

Vanquished Creatures
  Josephine (D:10)
  Fannar (D:11)
  Pikel (D:4)
  2 centaur zombies (D:10)
  2 centaur skeletons (D:10)
  A hellwing (D:10)
  2 trolls
  A hornet (D:9)
  5 wraiths
  Eustachio (D:5)
  9 yaks
  A wyvern (D:9)
  2 water moccasins
  2 sky beasts
  4 orc warriors
  An ice beast (D:5)
  A black bear (D:5)
  2 ogres
  2 lemures (D:4)
  A phantom (D:2)
  5 centaurs
  A kobold brigand (D:10)
  4 scorpions
  A bullfrog (D:7)
  2 gnoll sergeants
  2 howler monkeys
  4 jellies
  4 hounds
  2 orc priests
  A gnoll bouda (D:4)
  Jessica (D:2)
  Ijyb (D:4)
  2 iguanas (D:6)
  5 orc wizards
  22 gnolls
  8 adders
  2 shadow imps
  A white imp (D:6)
  A worm (D:3)
  A dart slug (D:4)
  24 orcs
  6 bats
  2 endoplasms (D:1)
  A giant cockroach (D:4)
  7 goblins
  7 hobgoblins
  2 quokkas
  10 ball pythons
  3 frilled lizards
  7 kobolds
  7 rats
  A rat zombie (D:5)
189 creatures vanquished.

Vanquished Creatures (others)
  7 fulminant prisms
  A fungus (D:1)
8 creatures vanquished.

Grand Total: 197 creatures vanquished

Notes
Turn   | Place    | Note
-------+----------+-------------------------------------------
     0 | D:1      | CertainDeath the Draconian Conjurer began the quest for the
                  | Orb.
     0 | D:1      | Reached XP level 1. HP: 14/14 MP: 3/3
   376 | D:1      | Reached XP level 2. HP: 18/20 MP: 5/5
   379 | D:1      | Learned a level 2 spell: Searing Ray
  1135 | D:1      | Found a faded altar of an unknown god.
  1432 | D:2      | Noticed a phantom
  1449 | D:2      | Killed a phantom
  1450 | D:2      | Reached skill level 1 in Fighting
  1450 | D:2      | Reached skill level 1 in Staves
  1450 | D:2      | Reached skill level 1 in Evocations
  1450 | D:2      | Reached XP level 3. HP: 10/28 MP: 0/7
  1450 | D:2      | Reached XP level 4. HP: 12/35 MP: 0/8
  1915 | D:2      | Reached XP level 5. HP: 40/40 MP: 5/9
  2105 | D:2      | Learned a level 4 spell: Iskenderun's Mystic Blast
  2540 | D:2      | Noticed Jessica
  2543 | D:2      | Killed Jessica
  2835 | D:3      | Found a white marble altar of Elyvilon.
  3244 | D:3      | Reached skill level 1 in Translocations
  3751 | D:4      | Reached XP level 6. HP: 48/48 MP: 5/10
  3864 | D:4      | Reached skill level 5 in Conjurations
  4361 | D:5      | Entered Level 5 of the Dungeon
  4361 | D:5      | Noticed an ice beast
  4371 | D:5      | Killed an ice beast
  4503 | D:4      | Noticed Pikel
  4525 | D:4      | Killed Pikel
  4526 | D:4      | Your scales start taking on a fiery red colour.
  4526 | D:4      | Reached XP level 7. HP: 18/58 MP: 6/13
  4526 | D:4      | Gained mutation: Your flesh is heat resistant. (rF+) [Red
                  | Draconian growth]
  4732 | D:4      | Noticed Ijyb
  4767 | D:4      | Killed Ijyb
  4989 | D:4      | Found a hide-covered altar of Uskayaw.
  5121 | D:4      | Learned a level 4 spell: Fulminant Prism
  5138 | D:4      | Reached XP level 8. HP: 66/66 MP: 9/14
  5646 | D:5      | Found a staircase to the Ecumenical Temple.
  5673 | D:5      | Reached skill level 1 in Hexes
  5859 | Temple   | Entered the Ecumenical Temple
  5883 | Temple   | Became a worshipper of Gozag Ym Sagoz the Greedy
  5969 | D:5      | Noticed Eustachio
  5990 | D:5      | Killed Eustachio
  6235 | D:5      | Found a runed translucent door.
  6246 | D:5      | Reached skill level 5 in Spellcasting
  6347 | D:5      | Found a runed translucent door.
  6352 | D:5      | Noticed CertainDeath's ghost (novice MiMo)
  7585 | D:6      | Reached XP level 9. HP: 67/71 MP: 11/16
  8841 | D:6      | Identified a scroll of acquirement
  8841 | D:6      | Acquired the +1 pair of gloves of the Teacher {Fly Will+}
  9277 | D:7      | Found a sparkling altar of Nemelex Xobeh.
  9282 | D:7      | Learned a level 3 spell: Mephitic Cloud
  9286 | D:7      | Learned a level 3 spell: Ignite Poison
  9624 | D:9      | Reached skill level 1 in Transmutations
  9626 | D:9      | Reached skill level 5 in Evocations
  9696 | D:8      | Reached skill level 5 in Staves
  9971 | D:8      | Found a glowing golden altar of the Shining One.
 10048 | D:8      | Found a burning altar of Makhleb.
 10049 | D:8      | Found a glowing silver altar of Zin.
 10049 | D:8      | Noticed an angel
 10050 | D:8      | Noticed a balrug
 10150 | D:8      | Reached XP level 10. HP: 57/78 MP: 12/17
 11052 | D:10     | Entered Level 10 of the Dungeon
 11310 | D:9      | Found a staircase to the Orcish Mines.
 11692 | D:9      | Found a shimmering altar of Xom.
 11881 | D:10     | Noticed Josephine
 11898 | D:10     | Killed Josephine
 12268 | D:10     | Identified the +6 whip "Urchoam" {spect, Will+}
 12559 | D:11     | Noticed Fannar
 12565 | D:11     | Killed Fannar
 12566 | D:11     | Reached skill level 1 in Shields
 12574 | D:11     | Reached XP level 11. HP: 34/84 MP: 0/18
 12936 | D:10     | Found the +4 Cigotuvi's embrace {rMiasma Drain rN+}
 12951 | D:10     | HP: 4/84 [hellwing (1)]
 12953 | D:10     | Slain by a hellwing

Illustrated notes

Levels and vault maps discovered:
D:1:      elethiomel_arrival_shortcut, layout_loops_ring,
          shapermc_ecumenical_altar_petra, hangedman_decor_growths,
          chequers_serial_rivers_large_b, minmay_heptomino_o4
D:2:      layout_loops_cross, uniq_jessica
D:3:      layout_basic, lemuel_doored_altar
D:4:      layout_basic, old_standard_altar, nicolae_underground_beach,
          uniq_ijyb, uniq_pikel
D:5:      layout_basic, minmay_temple_entry_slanted, enter_ossuary_3,
          ebering_ghost_sewer_f, uniq_eustachio
D:6:      layout_cave_pods
D:7:      layout_basic, nemelex_spade_bored_becter, item_on_display_b
D:8:      layout_basic, grunt_temple_overflow_order_and_chaos_2, tso_metal_star
D:9:      layout_cave_pods, mainiacjoe_overflow_brackets, orc_0_dummy
D:10:     layout_roguey, lair_entry_dummy, hellmonk_guarded_unrand_cigotuvi,
          uniq_josephine
D:11:     layout_loops_ring, chequers_jeans, uniq_erica, uniq_fannar
Temple:   nicolae_temple_bog_church

Skill      XL: |  1  2  3  4  5  6  7  8  9 10 11 |
---------------+----------------------------------+-----
Fighting       | 1 2 3 4 |  4.1
Staves         | 1 2 5 7 8 |  8.1
Dodging        | 2 3 4 |  4.1
Evocations     | 1 2 5 7 8 |  8.2
Spellcasting   | 3 4 5 |  5.0
Translocations | 1 3 4 |  4.2
Conjurations   | 5 6 7 |  7.1
Hexes          | 2 3 |  3.3
Transmutations | 3 4 |  4.0
Poison Magic   | 3 4 |  4.0
Shields        | 1 2 |  2.6
Stealth        | |  1.7

Action                   |  1- 3 |  4- 6 |  7- 9 | 10-12 || total
-------------------------+-------+-------+-------+-------++-------
Melee: Unarmed           |    35 |       |       |       ||    35
       Tailslap          |     5 |     2 |    12 |     3 ||    22
       Staff             |    26 |    35 |    98 |    65 ||   224
       Punch             |       |       |     1 |     1 ||     2
 Cast: Magic Dart        |    18 |    68 |    70 |    13 ||   169
       Searing Ray       |     4 |    15 |    43 |    25 ||    87
       Fulminant Prism   |       |       |     3 |     4 ||     7
       Iskenderun's Myst |       |       |     1 |     1 ||     2
       Mephitic Cloud    |       |       |     5 |     3 ||     8
       Ignite Poison     |       |       |     2 |     3 ||     5
 Abil: Breathe Fire      |       |       |    12 |     9 ||    21
Evoke: Wand              |       |       |       |     1 ||     1
  Use: Potion            |     1 |     2 |     1 |    10 ||    14
       Scroll            |       |     2 |    19 |     6 ||    27
 Stab: Sleeping          |     1 |     3 |       |       ||     4
Armor: Skin              |    20 |    18 |    58 |   158 ||   254
Dodge: Dodged            |    49 |    40 |   134 |   103 ||   326
Block: Other             |     5 |    12 |    45 |    64 ||   126
       Reflection        |       |       |     2 |     1 ||     3
